Inferno vs Mustangs
Created - November 17, 2019 at 09:31
Goals
|
Inferno |
0 |
2 |
2 |
4 |
Mustangs |
1 |
1 |
0 |
2 |
|
Shots
|
Inferno |
11 |
9 |
13 |
33 |
Mustangs |
4 |
18 |
15 |
37 |
|
1st period
1. Mustangs , Melker Karlsson 7 (Joshua Leivo 3, Alexei Marchenko 8) at 17:36 (PP)
Penalties :
Joshua Leivo (Ham) for High sticking (Minor) at 4:35, Dakota Mermis (Ham) for Holding (Minor) at 15:07, Ryan Spooner (Anc) for Hooking (Minor) at 17:25
2nd period
2. Inferno , Esa Lindell 3 (Philip Varone 5, Kevin Labanc 8) at 3:32
3. Mustangs , Melker Karlsson 8 (Joshua Leivo 4) at 5:37 (PP)
4. Inferno , Oliver Bjorkstrand 2 (Esa Lindell 6, Christian Folin 4) at 9:06
Penalties :
Matthew Nieto (Anc) for Roughing (Minor) at 5:27, Kevin Labanc (Anc) for Roughing (Minor) at 11:49
3rd period
5. Inferno , Philip Varone 4 (Kevin Labanc 9, Matt Kassian 2) at 4:12
6. Inferno , Bryan Rust 3 (David Savard 7, Oliver Bjorkstrand 2) at 18:39
Penalties :
Stefan Matteau (Ham) for High sticking (Minor) at 0:23, Anders Lee (Anc) for Hooking (Minor) at 14:50
Goalie Stats
Christopher Gibson (Anc), 35 saves from 37 shots - (0.946), W, 4-3-0, 60:00 minutes
Chet Pickard (Ham), 29 saves from 33 shots - (0.879), L, 3-5-0, 60:00 minutes
Players Stats for Inferno
Player Name G A P +/- PIM S H SB GA TA FO MP PP MP PK MP
------------------------------------------------------------------------------------
Anders Lee 0 0 0 1 2 3 1 0 1 1 16/34 21:37 3:11 0:48
Bryan Rust 1 0 1 1 0 5 0 1 2 0 2/6 20:18 0:00 2:20
Christian Folin 0 1 1 0 0 0 1 1 1 1 0/0 21:38 2:23 2:39
Colby Robak 0 0 0 0 0 1 0 2 0 1 0/0 21:38 2:23 2:39
David Savard 0 1 1 3 0 0 2 1 0 0 0/0 25:15 3:34 1:40
Esa Lindell 1 1 2 3 0 3 1 2 2 0 0/0 23:32 3:34 0:00
Frank Corrado 0 0 0 1 0 1 1 0 0 0 0/0 13:07 0:00 0:00
Kevin Labanc 0 2 2 2 2 3 1 0 0 1 0/0 16:40 2:37 0:00
Mathieu Brodeur 0 0 0 1 0 0 0 2 0 0 0/0 14:50 0:00 1:40
Matt Kassian 0 1 1 2 0 2 0 3 0 1 0/0 16:18 0:00 2:15
Matthew Nieto 0 0 0 1 2 1 0 0 0 0 0/1 14:36 2:37 1:36
Oliver Bjorkstrand 1 1 2 1 0 1 3 0 0 0 0/0 13:10 3:07 0:00
Peter Cehlarik 0 0 0 0 0 0 0 0 0 1 0/0 7:49 0:09 0:00
Philip Varone 1 1 2 2 0 5 1 1 0 1 6/12 15:16 0:09 0:51
Ryan Spooner 0 0 0 0 2 3 0 1 0 0 1/1 7:36 0:00 0:00
Tanner Pearson 0 0 0 1 0 5 5 0 0 1 0/3 21:18 3:11 0:28
Tyler Shattock 0 0 0 0 0 0 0 1 0 0 0/0 8:07 0:13 0:00
Victor Rask 0 0 0 1 0 0 4 0 0 0 3/5 12:52 2:37 0:20
Players Stats for Mustangs
Player Name G A P +/- PIM S H SB GA TA FO MP PP MP PK MP
------------------------------------------------------------------------------------
Alex Tuch 0 0 0 -2 0 0 2 0 0 0 2/2 18:12 2:18 0:00
Alexei Marchenko 0 1 1 -2 0 3 2 4 1 2 0/0 26:14 2:51 3:42
Ben Harpur 0 0 0 -1 0 2 1 1 0 0 0/0 20:41 1:28 2:15
Craig Smith 0 0 0 0 0 1 2 2 1 0 1/3 17:51 1:53 3:17
Curtis Hamilton 0 0 0 -2 0 0 0 0 0 0 0/0 12:06 0:08 0:51
Dakota Mermis 0 0 0 0 2 1 1 0 0 0 0/0 13:47 0:00 1:30
Danny Biega 0 0 0 -1 0 1 1 2 0 0 0/0 13:47 0:00 0:45
Iven Barbashev 0 0 0 0 0 2 0 0 0 0 3/5 9:22 0:00 0:00
Josh Ho-Sang 0 0 0 0 0 2 1 0 0 0 0/0 9:22 0:00 0:00
Joshua Leivo 0 2 2 -2 2 5 1 0 2 2 1/2 20:35 2:18 1:44
JT Compher 0 0 0 0 0 2 0 0 2 0 1/1 14:27 1:53 0:05
Max Gortz 0 0 0 -2 0 1 0 0 0 0 0/0 11:25 0:08 0:00
Melker Karlsson 2 0 2 -2 0 6 4 0 1 0 21/34 21:43 2:18 3:08
Michael McCarron 0 0 0 0 0 3 2 0 0 0 0/0 10:23 0:08 0:47
Nick Schmaltz 0 0 0 -2 0 2 0 1 1 0 2/4 11:48 0:00 0:18
Ryan Pulock 0 0 0 -3 0 1 2 2 0 0 0/0 24:01 2:51 0:00
Scott Mayfield 0 0 0 -1 0 1 2 0 0 1 0/0 21:35 1:28 3:42
Stefan Matteau 0 0 0 0 2 4 2 0 0 1 3/11 16:41 1:53 1:44
3 Stars
1 - Esa Lindell (Anc)
2 - Philip Varone (Anc)
3 - Oliver Bjorkstrand (Anc)
Power Play
Inferno - 0 on 3 Attempt(s) - 0.00%
Mustangs - 2 on 4 Attempt(s) - 50.00%
Penalty Kill
Inferno - 2 on 4 Attempt(s) - 50.00%
- Score 0 goal in Penalty Kill
Mustangs - 3 on 3 Attempt(s) - 100.00%
- Score 0 goal in Penalty Kill
Team Stat
Inferno - Hits : 20 - Faceoff Wins : 28 - Blocked Shots : 15 - Penalty Minutes : 8
Mustangs - Hits : 23 - Faceoff Wins : 34 - Blocked Shots : 12 - Penalty Minutes : 6
Official
Referees : Unknown
Linesman : Unknown
Game Notes
7:38 of 3rd period - Inferno goal is going for a video replay. After video review, No Goal. The attacking player has interfered with a goalkeeper in his goal crease.
Finance
Level 1 -- Attendance: 1463 (73.15%) -- Ticket Income $58,520
Level 2 -- Attendance: 670 (67.00%) -- Ticket Income $13,400
Total Attendance: 2133 (71.10%)
Total Ticket Income: $71,920
Other Income: $3,596
Total Income: $75,516
Inferno
5 vs 5 Forward
Center Left Wing Right Wing Time % Phy DF OF
1 Anders Lee Tanner Pearson Bryan Rust 40 1 2 2
2 Philip Varone Matt Kassian Kevin Labanc 30 1 2 2
3 Victor Rask Matthew Nieto Oliver Bjorkstrand 20 1 2 2
4 Ryan Spooner Peter Cehlarik Tyler Shattock 10 1 2 2
5 vs 5 Defense
Defense Defense Time % Phy DF OF
1 Esa Lindell David Savard 40 1 2 2
2 Colby Robak Christian Folin 30 1 2 2
3 Frank Corrado Mathieu Brodeur 20 1 2 2
4 Colby Robak Christian Folin 10 1 2 2
PowerPlay Forward
Center Left Wing Right Wing Time % Phy DF OF
1 Anders Lee Tanner Pearson Oliver Bjorkstrand 60 1 2 2
2 Victor Rask Matthew Nieto Kevin Labanc 40 1 2 2
PowerPlay Defense
Defense Defense Time % Phy DF OF
1 Esa Lindell David Savard 60 1 2 2
2 Colby Robak Christian Folin 40 1 2 2
Penalty Kill 4 Players Forward
Center Wing Time % Phy DF OF
1 Bryan Rust Matt Kassian 60 1 2 2
2 Philip Varone Matt Kassian 40 1 2 2
Penalty Kill 4 Players Defense
Defense Defense Time % Phy DF OF
1 Colby Robak Christian Folin 60 1 2 2
2 Mathieu Brodeur David Savard 40 1 2 2
Penalty Kill - 3 Players Forward
Forward Time % Phy DF OF
1 Bryan Rust 60 1 2 2
2 Matt Kassian 40 1 2 2
Penalty Kill - 3 Players Defense
Defense Defense Time % Phy DF OF
1 Colby Robak Christian Folin 60 1 2 2
2 Mathieu Brodeur David Savard 40 1 2 2
4 vs 4 Forward
Center Wing Time % Phy DF OF
1 Anders Lee Bryan Rust 60 1 2 2
2 Philip Varone Matt Kassian 40 1 2 2
4 vs 4 Defense
Defense Defense Time % Phy DF OF
1 Esa Lindell David Savard 60 1 2 2
2 Colby Robak Christian Folin 40 1 2 2
Last Minutes Offensive
Center Left Wing Right Wing Defense Defense
Anders Lee Tanner Pearson Bryan Rust Esa Lindell Christian Folin
Last Minutes Defensive
Center Left Wing Right Wing Defense Defense
Anders Lee Tanner Pearson Bryan Rust Colby Robak Christian Folin
Goaltenders
Starting : Christopher Gibson
Backup : Michael Hutchinson
Extra Forwards
Normal : Bryan Rust, Matthew Nieto, Oliver Bjorkstrand - PP : Matthew Nieto, Oliver Bjorkstrand - PK : Bryan Rust
Extra Defensemen
Normal : David Savard, Esa Lindell, Mathieu Brodeur - PP : Esa Lindell - PK : David Savard, Mathieu Brodeur
Penalty Shots
Anders Lee, Tanner Pearson, Oliver Bjorkstrand, Victor Rask, Bryan Rust
Scratches
Chris Brown (Healthy), Trevor Carrick (Healthy), Petteri Lindbohm (Healthy), Eric Karlsson (Healthy), John Gilmour (Healthy)
Vladimir Zharkov (Healthy), Ryan Donato (Healthy), Vladislav Kamenev (Healthy), Dominik Masin (Healthy), Brandon Hickey (Healthy)
Greg Pateryn (Healthy), Nathan Lieuwen (Healthy), Vitek Vanecek (Healthy)
Mustangs
5 vs 5 Forward
Center Left Wing Right Wing Time % Phy DF OF
1 Melker Karlsson Joshua Leivo Alex Tuch 40 1 2 2
2 Stefan Matteau JT Compher Craig Smith 30 1 2 2
3 Nick Schmaltz Curtis Hamilton Max Gortz 20 1 2 2
4 Iven Barbashev Michael McCarron Josh Ho-Sang 10 1 2 2
5 vs 5 Defense
Defense Defense Time % Phy DF OF
1 Alexei Marchenko Ryan Pulock 44 1 2 2
2 Scott Mayfield Ben Harpur 33 1 2 2
3 Dakota Mermis Danny Biega 23 1 2 2
4 Alexei Marchenko Scott Mayfield 0 1 2 2
PowerPlay Forward
Center Left Wing Right Wing Time % Phy DF OF
1 Melker Karlsson Joshua Leivo Alex Tuch 60 1 2 2
2 Stefan Matteau JT Compher Craig Smith 40 1 2 2
PowerPlay Defense
Defense Defense Time % Phy DF OF
1 Alexei Marchenko Ryan Pulock 60 1 2 2
2 Scott Mayfield Ben Harpur 40 1 2 2
Penalty Kill 4 Players Forward
Center Wing Time % Phy DF OF
1 Melker Karlsson Craig Smith 60 1 2 2
2 Stefan Matteau Joshua Leivo 40 1 2 2
Penalty Kill 4 Players Defense
Defense Defense Time % Phy DF OF
1 Alexei Marchenko Scott Mayfield 60 1 2 2
2 Dakota Mermis Ben Harpur 40 1 2 2
Penalty Kill - 3 Players Forward
Forward Time % Phy DF OF
1 Melker Karlsson 60 1 2 2
2 Stefan Matteau 40 1 2 2
Penalty Kill - 3 Players Defense
Defense Defense Time % Phy DF OF
1 Alexei Marchenko Scott Mayfield 60 1 2 2
2 Dakota Mermis Ben Harpur 40 1 2 2
4 vs 4 Forward
Center Wing Time % Phy DF OF
1 Melker Karlsson Joshua Leivo 60 1 2 2
2 Stefan Matteau JT Compher 40 1 2 2
4 vs 4 Defense
Defense Defense Time % Phy DF OF
1 Alexei Marchenko Ryan Pulock 60 1 2 2
2 Scott Mayfield Ben Harpur 40 1 2 2
Last Minutes Offensive
Center Left Wing Right Wing Defense Defense
Melker Karlsson JT Compher Alex Tuch Alexei Marchenko Ryan Pulock
Last Minutes Defensive
Center Left Wing Right Wing Defense Defense
Melker Karlsson Joshua Leivo Craig Smith Alexei Marchenko Scott Mayfield
Goaltenders
Starting : Chet Pickard
Backup : Anthony Stolarz
Extra Forwards
Normal : Melker Karlsson, Stefan Matteau, Nick Schmaltz - PP : JT Compher, Alex Tuch - PK : Melker Karlsson
Extra Defensemen
Normal : Alexei Marchenko, Scott Mayfield, Dakota Mermis - PP : Scott Mayfield - PK : Alexei Marchenko, Danny Biega
Penalty Shots
Melker Karlsson, Alex Tuch, JT Compher, Joshua Leivo, Stefan Matteau
Scratches
Ryan Graves (Healthy), Matthew Finn (Healthy), Jim O'Brien (Healthy), Kurtis Gabriel (Healthy), Raphael Bussieres (Healthy)
Sam Kurker (Healthy), Brett Pollock (Healthy), Steven Spinner (Healthy), Joacim Eriksson (Healthy)
% Time on Ice - Inferno
Lines # - Real PCT - Wanted PCT - Time Play
Normal Forward
1 - 36% - 40% - 18:00
2 - 29% - 30% - 14:20
3 - 20% - 20% - 9:47
4 - 15% - 10% - 7:37
Normal Defense
1 - 41% - 40% - 20:18
2 - 28% - 30% - 13:49
3 - 26% - 20% - 13:07
4 - 5% - 10% - 2:30
PP Forward
1 - 56% - 60% - 3:20
2 - 44% - 40% - 2:37
PP Defense
1 - 60% - 60% - 3:34
2 - 40% - 40% - 2:23
PK Forward
1 - 100% - 60% - 4:19
2 - 0% - 40% - 0:00
PK Defense
1 - 61% - 60% - 2:39
2 - 39% - 40% - 1:40
PK3 Forward
1 - 0% - 60%
2 - 0% - 40%
PK3 Defense
1 - 0% - 60%
2 - 0% - 40%
44 Forward
1 - 0% - 60%
2 - 0% - 40%
44 Defense
1 - 0% - 60%
2 - 0% - 40%
Last Minute Offensive - 0:00
Last Minute Defensive - 0:00
Total
Forward - 60:00
Defense - 60:00
|
% Time on Ice - Mustangs
Lines # - Real PCT - Wanted PCT - Time Play
Normal Forward
1 - 34% - 40% - 16:42
2 - 26% - 30% - 12:53
3 - 22% - 20% - 10:47
4 - 19% - 10% - 9:22
Normal Defense
1 - 43% - 44% - 21:22
2 - 34% - 33% - 16:58
3 - 23% - 23% - 11:24
4 - 0% - 0% - 0:00
PP Forward
1 - 56% - 60% - 2:26
2 - 44% - 40% - 1:53
PP Defense
1 - 66% - 60% - 2:51
2 - 34% - 40% - 1:28
PK Forward
1 - 73% - 60% - 4:19
2 - 27% - 40% - 1:38
PK Defense
1 - 62% - 60% - 3:42
2 - 38% - 40% - 2:15
PK3 Forward
1 - 0% - 60%
2 - 0% - 40%
PK3 Defense
1 - 0% - 60%
2 - 0% - 40%
44 Forward
1 - 0% - 60%
2 - 0% - 40%
44 Defense
1 - 0% - 60%
2 - 0% - 40%
Last Minute Offensive - 0:00
Last Minute Defensive - 0:00
Total
Forward - 60:00
Defense - 60:00
|
Play-by-Play
1st period
0:01 of 1st period - Melker Karlsson wins face-off versus Tanner Pearson in neutral zone.
0:52 of 1st period - Christian Folin is hit by Scott Mayfield and loses puck.
2:00 of 1st period - Snap shot by JT Compher.
2:00 of 1st period - Stopped by Christopher Gibson without a rebound.
2:01 of 1st period - Philip Varone wins face-off versus Stefan Matteau in Inferno zone.
2:24 of 1st period - Wrist shot by Philip Varone.
2:24 of 1st period - Stopped by Chet Pickard with a rebound.
2:34 of 1st period - Wrist shot by Philip Varone.
2:34 of 1st period - Stopped by Chet Pickard without a rebound.
2:35 of 1st period - Joshua Leivo wins face-off versus Anders Lee in Mustangs zone.
2:39 of 1st period - Off-side.
2:40 of 1st period - Melker Karlsson wins face-off versus Anders Lee in neutral zone.
2:43 of 1st period - Tanner Pearson is hit by Alexei Marchenko and loses puck.
4:05 of 1st period - Off-side.
4:06 of 1st period - Melker Karlsson wins face-off versus Anders Lee in neutral zone.
4:11 of 1st period - Snap shot by Melker Karlsson.
4:11 of 1st period - Deflect By Alex Tuch.
4:11 of 1st period - Shot Blocked by Bryan Rust.
4:11 of 1st period - Puck is out of play.
4:12 of 1st period - Anders Lee wins face-off versus Melker Karlsson in Inferno zone.
4:19 of 1st period - Wrist shot by Bryan Rust.
4:19 of 1st period - Shot Misses the Net.
4:21 of 1st period - Wrist shot by Colby Robak.
4:21 of 1st period - Shot Blocked by Alexei Marchenko.
4:23 of 1st period - Snap shot by Bryan Rust.
4:23 of 1st period - Shot Misses the Net.
4:25 of 1st period - Snap shot by Bryan Rust.
4:25 of 1st period - Stopped by Chet Pickard with a rebound.
4:27 of 1st period - Wrist shot by Bryan Rust.
4:27 of 1st period - Deflect By Anders Lee.
4:27 of 1st period - Stopped by Chet Pickard with a rebound.
4:35 of 1st period - Minor Penalty to Joshua Leivo for High sticking.
4:36 of 1st period - Melker Karlsson wins face-off versus Anders Lee in Mustangs zone.
6:35 of 1st period - Penalty to Joshua Leivo is over, Joshua Leivo is back on ice.
7:19 of 1st period - Philip Varone is hit by Alex Tuch and loses puck.
7:26 of 1st period - Snap shot by Bryan Rust.
7:26 of 1st period - Shot Misses the Net.
8:04 of 1st period - Ben Harpur is hit by Tanner Pearson and loses puck.
8:15 of 1st period - Frank Corrado is hit by Melker Karlsson and loses puck.
8:59 of 1st period - David Savard is hit by Dakota Mermis and loses puck.
9:12 of 1st period - Michael McCarron is hit by Tanner Pearson.
10:03 of 1st period - Ryan Pulock is hit by Anders Lee and loses puck.
10:39 of 1st period - Danny Biega is hit by Frank Corrado and loses puck.
10:59 of 1st period - David Savard is hit by Michael McCarron and loses puck.
11:38 of 1st period - Danny Biega is hit by Victor Rask and loses puck.
12:16 of 1st period - Off-side.
12:17 of 1st period - Anders Lee wins face-off versus Melker Karlsson in neutral zone.
12:26 of 1st period - Slapshot by Tanner Pearson.
12:26 of 1st period - Stopped by Chet Pickard with a rebound.
12:28 of 1st period - Slapshot by Bryan Rust.
12:28 of 1st period - Deflect By Anders Lee.
12:28 of 1st period - Shot Misses the Net.
12:28 of 1st period - Puck is out of play.
12:29 of 1st period - Anders Lee wins face-off versus Stefan Matteau in Mustangs zone.
12:34 of 1st period - Snap shot by Anders Lee.
12:34 of 1st period - Shot Misses the Net.
12:36 of 1st period - Slapshot by Christian Folin.
12:36 of 1st period - Shot Blocked by Craig Smith.
12:47 of 1st period - Icing by Stefan Matteau.
12:48 of 1st period - Philip Varone wins face-off versus Stefan Matteau in Mustangs zone.
12:57 of 1st period - Snap shot by Kevin Labanc.
12:57 of 1st period - Stopped by Chet Pickard with a rebound.
12:59 of 1st period - Wrist shot by Matt Kassian.
12:59 of 1st period - Stopped by Chet Pickard with a rebound.
13:01 of 1st period - Backhand shot by Philip Varone.
13:01 of 1st period - Stopped by Chet Pickard without a rebound.
13:02 of 1st period - Melker Karlsson wins face-off versus Anders Lee in Mustangs zone.
13:09 of 1st period - Slapshot by Alexei Marchenko.
13:09 of 1st period - Shot Blocked by Colby Robak.
15:07 of 1st period - Minor Penalty to Dakota Mermis for Holding.
15:08 of 1st period - Craig Smith wins face-off versus Anders Lee in Mustangs zone.
15:08 of 1st period - Craig Smith is hit by Tanner Pearson.
15:18 of 1st period - Wrist shot by Craig Smith.
15:18 of 1st period - Shot Blocked by Esa Lindell.
15:20 of 1st period - Snap shot by Melker Karlsson.
15:20 of 1st period - Deflect By Craig Smith.
15:20 of 1st period - Shot Misses the Net.
15:20 of 1st period - Puck is out of play.
15:21 of 1st period - Melker Karlsson wins face-off versus Anders Lee in Inferno zone.
15:22 of 1st period - Wrist shot by Craig Smith.
15:22 of 1st period - Shot Blocked by David Savard.
15:53 of 1st period - Snap shot by Matthew Nieto.
15:53 of 1st period - Shot Blocked by Alexei Marchenko.
15:57 of 1st period - Slapshot by Matthew Nieto.
15:57 of 1st period - Shot Misses the Net.
15:59 of 1st period - Snap shot by Kevin Labanc.
15:59 of 1st period - Shot Blocked by Alexei Marchenko.
16:23 of 1st period - Stefan Matteau is hit by Victor Rask and loses puck.
16:34 of 1st period - Christian Folin is hit by Melker Karlsson and loses puck.
17:03 of 1st period - Kevin Labanc is hit by Scott Mayfield and loses puck.
17:07 of 1st period - Penalty to Dakota Mermis is over, Dakota Mermis is back on ice.
17:25 of 1st period - Minor Penalty to Ryan Spooner for Hooking.
17:26 of 1st period - Melker Karlsson wins face-off versus Bryan Rust in Inferno zone.
17:34 of 1st period - Slapshot by Melker Karlsson.
17:34 of 1st period - Stopped by Christopher Gibson with a rebound.
17:36 of 1st period - Snap shot by Melker Karlsson.
17:36 of 1st period - Goal by Melker Karlsson - Inferno : 0 - Mustangs : 1.
17:37 of 1st period - Melker Karlsson wins face-off versus Anders Lee in neutral zone.
17:40 of 1st period - Slapshot by Alexei Marchenko.
17:40 of 1st period - Shot Misses the Net.
17:46 of 1st period - Snap shot by Tanner Pearson.
17:46 of 1st period - Stopped by Chet Pickard with a rebound.
17:48 of 1st period - Backhand shot by Tanner Pearson.
17:48 of 1st period - Shot Misses the Net.
17:50 of 1st period - Slapshot by Esa Lindell.
17:50 of 1st period - Stopped by Chet Pickard without a rebound.
17:51 of 1st period - Anders Lee wins face-off versus Melker Karlsson in Mustangs zone.
17:54 of 1st period - Snap shot by Tanner Pearson.
17:54 of 1st period - Shot Misses the Net.
18:18 of 1st period - Esa Lindell is hit by Stefan Matteau and loses puck.
18:59 of 1st period - Colby Robak is hit by Josh Ho-Sang and loses puck.
19:08 of 1st period - Snap shot by Ryan Spooner.
19:08 of 1st period - Stopped by Chet Pickard with a rebound.
19:24 of 1st period - Snap shot by Tanner Pearson.
19:24 of 1st period - Shot Misses the Net.
19:40 of 1st period - Snap shot by Stefan Matteau.
19:40 of 1st period - Stopped by Christopher Gibson without a rebound.
19:41 of 1st period - Philip Varone wins face-off versus Stefan Matteau in Inferno zone.
Goals for this period are 0 for Inferno vs 1 for Mustangs.
Shots for this period are 11 for Inferno vs 4 for Mustangs.
2nd period
0:01 of 2nd period - Anders Lee wins face-off versus Melker Karlsson in neutral zone.
0:13 of 2nd period - Off-side.
0:14 of 2nd period - Melker Karlsson wins face-off versus Anders Lee in neutral zone.
0:44 of 2nd period - Slapshot by Stefan Matteau.
0:44 of 2nd period - Stopped by Christopher Gibson with a rebound.
0:46 of 2nd period - Wrist shot by Stefan Matteau.
0:46 of 2nd period - Stopped by Christopher Gibson without a rebound.
0:47 of 2nd period - Melker Karlsson wins face-off versus Victor Rask in Inferno zone.
1:01 of 2nd period - Snap shot by Melker Karlsson.
1:01 of 2nd period - Shot Blocked by Colby Robak.
1:20 of 2nd period - Anders Lee is hit by Craig Smith and loses puck.
1:27 of 2nd period - Slapshot by Colby Robak.
1:27 of 2nd period - Shot Blocked by Ben Harpur.
2:08 of 2nd period - Snap shot by Tyler Shattock.
2:08 of 2nd period - Shot Misses the Net.
2:10 of 2nd period - Slapshot by Ryan Spooner.
2:10 of 2nd period - Stopped by Chet Pickard without a rebound.
2:11 of 2nd period - Anders Lee wins face-off versus Stefan Matteau in Mustangs zone.
2:20 of 2nd period - Snap shot by Tanner Pearson.
2:20 of 2nd period - Stopped by Chet Pickard without a rebound.
2:21 of 2nd period - Anders Lee wins face-off versus Stefan Matteau in Mustangs zone.
3:01 of 2nd period - Frank Corrado is hit by Alexei Marchenko and loses puck.
3:18 of 2nd period - Snap shot by Anders Lee.
3:18 of 2nd period - Shot Misses the Net.
3:20 of 2nd period - Snap shot by Anders Lee.
3:20 of 2nd period - Deflect By Tanner Pearson.
3:20 of 2nd period - Shot Blocked by Alexei Marchenko.
3:20 of 2nd period - Puck is out of play.
3:21 of 2nd period - Melker Karlsson wins face-off versus Philip Varone in Mustangs zone.
3:32 of 2nd period - Slapshot by Esa Lindell.
3:32 of 2nd period - Goal by Esa Lindell - Inferno : 1 - Mustangs : 1.
3:33 of 2nd period - Victor Rask wins face-off versus Melker Karlsson in neutral zone.
3:46 of 2nd period - Wrist shot by Matthew Nieto.
3:46 of 2nd period - Shot Misses the Net.
3:48 of 2nd period - Snap shot by David Savard.
3:48 of 2nd period - Shot Blocked by Ryan Pulock.
3:58 of 2nd period - Esa Lindell is hit by Ryan Pulock and loses puck.
4:17 of 2nd period - Tanner Pearson is hit by Craig Smith and loses puck.
4:38 of 2nd period - Slapshot by Alexei Marchenko.
4:38 of 2nd period - Shot Blocked by Tyler Shattock.
4:40 of 2nd period - Snap shot by Alexei Marchenko.
4:40 of 2nd period - Shot Misses the Net.
4:42 of 2nd period - Snap shot by Alexei Marchenko.
4:42 of 2nd period - Deflect By Michael McCarron.
4:42 of 2nd period - Shot Blocked by Ryan Spooner.
4:42 of 2nd period - Puck is out of play.
4:43 of 2nd period - Iven Barbashev wins face-off versus Philip Varone in Inferno zone.
5:08 of 2nd period - Scott Mayfield is hit by Victor Rask and loses puck.
5:25 of 2nd period - Slapshot by Josh Ho-Sang.
5:25 of 2nd period - Stopped by Christopher Gibson with a rebound.
5:27 of 2nd period - Minor Penalty to Matthew Nieto for Roughing.
5:28 of 2nd period - Melker Karlsson wins face-off versus Bryan Rust in Inferno zone.
5:29 of 2nd period - Slapshot by Joshua Leivo.
5:29 of 2nd period - Stopped by Christopher Gibson without a rebound.
5:30 of 2nd period - Melker Karlsson wins face-off versus Bryan Rust in Inferno zone.
5:35 of 2nd period - Wrist shot by Joshua Leivo.
5:35 of 2nd period - Shot Blocked by Christian Folin.
5:37 of 2nd period - Wrist shot by Melker Karlsson.
5:37 of 2nd period - Deflect By Bryan Rust.
5:37 of 2nd period - Goal by Melker Karlsson - Inferno : 1 - Mustangs : 2.
5:38 of 2nd period - Anders Lee wins face-off versus Melker Karlsson in neutral zone.
5:43 of 2nd period - Wrist shot by Anders Lee.
5:43 of 2nd period - Stopped by Chet Pickard with a rebound.
5:51 of 2nd period - Snap shot by Tanner Pearson.
5:51 of 2nd period - Shot Misses the Net.
5:53 of 2nd period - Backhand shot by Anders Lee.
5:53 of 2nd period - Shot Misses the Net.
5:55 of 2nd period - Slapshot by Colby Robak.
5:55 of 2nd period - Stopped by Chet Pickard without a rebound.
5:56 of 2nd period - Philip Varone wins face-off versus Nick Schmaltz in Mustangs zone.
5:57 of 2nd period - Snap shot by Kevin Labanc.
5:57 of 2nd period - Stopped by Chet Pickard without a rebound.
5:58 of 2nd period - Nick Schmaltz wins face-off versus Philip Varone in Mustangs zone.
6:14 of 2nd period - Snap shot by Max Gortz.
6:14 of 2nd period - Stopped by Christopher Gibson without a rebound.
6:15 of 2nd period - Anders Lee wins face-off versus Melker Karlsson in Inferno zone.
6:47 of 2nd period - Colby Robak is hit by Ryan Pulock and loses puck.
7:55 of 2nd period - Slapshot by Dakota Mermis.
7:55 of 2nd period - Stopped by Christopher Gibson without a rebound.
7:56 of 2nd period - Melker Karlsson wins face-off versus Tanner Pearson in Inferno zone.
8:05 of 2nd period - Wrist shot by Bryan Rust.
8:05 of 2nd period - Deflect By Joshua Leivo.
8:05 of 2nd period - Stopped by Chet Pickard without a rebound.
8:06 of 2nd period - Melker Karlsson wins face-off versus Anders Lee in Mustangs zone.
8:06 of 2nd period - Melker Karlsson is hit by Tanner Pearson.
8:21 of 2nd period - Off-side.
8:22 of 2nd period - Stefan Matteau wins face-off versus Philip Varone in neutral zone.
8:29 of 2nd period - Wrist shot by JT Compher.
8:29 of 2nd period - Shot Misses the Net.
8:31 of 2nd period - Snap shot by Stefan Matteau.
8:31 of 2nd period - Stopped by Christopher Gibson with a rebound.
8:33 of 2nd period - Snap shot by Craig Smith.
8:33 of 2nd period - Stopped by Christopher Gibson without a rebound.
8:34 of 2nd period - Melker Karlsson wins face-off versus Anders Lee in Inferno zone.
8:47 of 2nd period - Snap shot by Joshua Leivo.
8:47 of 2nd period - Stopped by Christopher Gibson with a rebound.
9:01 of 2nd period - Nick Schmaltz is hit by Christian Folin and loses puck.
9:06 of 2nd period - Slapshot by Esa Lindell.
9:06 of 2nd period - Deflect By Oliver Bjorkstrand.
9:06 of 2nd period - Deflect By Alexei Marchenko.
9:06 of 2nd period - Goal by Oliver Bjorkstrand - Inferno : 2 - Mustangs : 2.
9:07 of 2nd period - Melker Karlsson wins face-off versus Tanner Pearson in neutral zone.
9:20 of 2nd period - Melker Karlsson is hit by Esa Lindell and loses puck.
9:58 of 2nd period - Slapshot by Melker Karlsson.
9:58 of 2nd period - Stopped by Christopher Gibson with a rebound.
10:08 of 2nd period - Snap shot by Joshua Leivo.
10:08 of 2nd period - Shot Misses the Net.
10:10 of 2nd period - Slapshot by Ryan Pulock.
10:10 of 2nd period - Stopped by Christopher Gibson with a rebound.
10:12 of 2nd period - Slapshot by Alexei Marchenko.
10:12 of 2nd period - Stopped by Christopher Gibson with a rebound.
10:14 of 2nd period - Wrist shot by Joshua Leivo.
10:14 of 2nd period - Stopped by Christopher Gibson without a rebound.
10:15 of 2nd period - Stefan Matteau wins face-off versus Anders Lee in Inferno zone.
10:53 of 2nd period - Slapshot by Curtis Hamilton.
10:53 of 2nd period - Shot Blocked by Philip Varone.
11:15 of 2nd period - Slapshot by Iven Barbashev.
11:15 of 2nd period - Deflect By Josh Ho-Sang.
11:15 of 2nd period - Stopped by Christopher Gibson without a rebound.
11:16 of 2nd period - JT Compher wins face-off versus Anders Lee in Inferno zone.
11:49 of 2nd period - Minor Penalty to Kevin Labanc for Roughing.
11:50 of 2nd period - Bryan Rust wins face-off versus Joshua Leivo in Inferno zone.
11:50 of 2nd period - Bryan Rust is hit by Alex Tuch.
13:49 of 2nd period - Penalty to Kevin Labanc is over, Kevin Labanc is back on ice.
13:57 of 2nd period - Scott Mayfield is hit by David Savard and loses puck.
14:19 of 2nd period - Dakota Mermis is hit by David Savard and loses puck.
16:27 of 2nd period - Slapshot by Nick Schmaltz.
16:27 of 2nd period - Shot Misses the Net.
16:29 of 2nd period - Snap shot by Nick Schmaltz.
16:29 of 2nd period - Stopped by Christopher Gibson with a rebound.
16:45 of 2nd period - Colby Robak is hit by Stefan Matteau and loses puck.
18:52 of 2nd period - Snap shot by Joshua Leivo.
18:52 of 2nd period - Shot Misses the Net.
18:56 of 2nd period - Snap shot by Joshua Leivo.
18:56 of 2nd period - Stopped by Christopher Gibson without a rebound.
18:57 of 2nd period - Philip Varone wins face-off versus Melker Karlsson in Inferno zone.
19:06 of 2nd period - Snap shot by Philip Varone.
19:06 of 2nd period - Stopped by Chet Pickard with a rebound.
19:12 of 2nd period - Wrist shot by Joshua Leivo.
19:12 of 2nd period - Stopped by Christopher Gibson with a rebound.
19:24 of 2nd period - Ben Harpur is hit by Tanner Pearson and loses puck.
Goals for this period are 2 for Inferno vs 1 for Mustangs.
Shots for this period are 9 for Inferno vs 18 for Mustangs.
3rd period
0:01 of 3rd period - Melker Karlsson wins face-off versus Anders Lee in neutral zone.
0:23 of 3rd period - Minor Penalty to Stefan Matteau for High sticking.
0:24 of 3rd period - Melker Karlsson wins face-off versus Anders Lee in Mustangs zone.
0:24 of 3rd period - Melker Karlsson is hit by Oliver Bjorkstrand.
1:18 of 3rd period - Kevin Labanc is hit by Joshua Leivo and loses puck.
1:29 of 3rd period - Melker Karlsson is hit by Oliver Bjorkstrand and loses puck.
2:03 of 3rd period - Scott Mayfield is hit by Oliver Bjorkstrand and loses puck.
2:23 of 3rd period - Penalty to Stefan Matteau is over, Stefan Matteau is back on ice.
3:01 of 3rd period - Icing by Frank Corrado.
3:02 of 3rd period - Iven Barbashev wins face-off versus Philip Varone in Inferno zone.
3:13 of 3rd period - Wrist shot by Michael McCarron.
3:13 of 3rd period - Shot Blocked by Matt Kassian.
3:21 of 3rd period - Slapshot by Mathieu Brodeur.
3:21 of 3rd period - Shot Misses the Net.
3:23 of 3rd period - Snap shot by Kevin Labanc.
3:23 of 3rd period - Shot Blocked by Danny Biega.
3:27 of 3rd period - Wrist shot by Matt Kassian.
3:27 of 3rd period - Stopped by Chet Pickard with a rebound.
3:54 of 3rd period - Wrist shot by Kevin Labanc.
3:54 of 3rd period - Stopped by Chet Pickard with a rebound.
4:06 of 3rd period - Wrist shot by Kevin Labanc.
4:06 of 3rd period - Shot Misses the Net.
4:08 of 3rd period - Snap shot by Matt Kassian.
4:08 of 3rd period - Shot Misses the Net.
4:10 of 3rd period - Slapshot by Kevin Labanc.
4:10 of 3rd period - Shot Blocked by Nick Schmaltz.
4:12 of 3rd period - Wrist shot by Philip Varone.
4:12 of 3rd period - Goal by Philip Varone - Inferno : 3 - Mustangs : 2.
4:13 of 3rd period - Melker Karlsson wins face-off versus Anders Lee in neutral zone.
4:26 of 3rd period - Wrist shot by Melker Karlsson.
4:26 of 3rd period - Stopped by Christopher Gibson without a rebound.
4:27 of 3rd period - Alex Tuch wins face-off versus Anders Lee in Inferno zone.
4:38 of 3rd period - Snap shot by Bryan Rust.
4:38 of 3rd period - Stopped by Chet Pickard with a rebound.
5:31 of 3rd period - Snap shot by Anders Lee.
5:31 of 3rd period - Stopped by Chet Pickard without a rebound.
5:32 of 3rd period - Iven Barbashev wins face-off versus Anders Lee in Mustangs zone.
5:37 of 3rd period - Slapshot by Alexei Marchenko.
5:37 of 3rd period - Shot Blocked by Mathieu Brodeur.
5:39 of 3rd period - Wrist shot by Michael McCarron.
5:39 of 3rd period - Stopped by Christopher Gibson with a rebound.
5:41 of 3rd period - Slapshot by Alexei Marchenko.
5:41 of 3rd period - Stopped by Christopher Gibson with a rebound.
5:57 of 3rd period - Snap shot by Matthew Nieto.
5:57 of 3rd period - Stopped by Chet Pickard with a rebound.
7:02 of 3rd period - Icing by David Savard.
7:03 of 3rd period - Anders Lee wins face-off versus Iven Barbashev in Inferno zone.
7:14 of 3rd period - Snap shot by Michael McCarron.
7:14 of 3rd period - Stopped by Christopher Gibson with a rebound.
7:34 of 3rd period - Slapshot by Tanner Pearson.
7:34 of 3rd period - Shot Blocked by Danny Biega.
7:36 of 3rd period - Snap shot by Bryan Rust.
7:36 of 3rd period - Deflect By Tanner Pearson.
7:36 of 3rd period - Stopped by Chet Pickard with a rebound.
7:38 of 3rd period - Wrist shot by Tanner Pearson.
7:38 of 3rd period - Inferno goal is going for a video replay.
7:38 of 3rd period - The goal is refused. The attacking player has interfered with a goalkeeper in his goal crease..
7:39 of 3rd period - Philip Varone wins face-off versus Melker Karlsson in Mustangs zone.
7:51 of 3rd period - Wrist shot by Melker Karlsson.
7:51 of 3rd period - Shot Hit the Post.
7:53 of 3rd period - Slapshot by Ben Harpur.
7:53 of 3rd period - Stopped by Christopher Gibson with a rebound.
8:05 of 3rd period - Philip Varone is hit by Ben Harpur and loses puck.
8:10 of 3rd period - Slapshot by Nick Schmaltz.
8:10 of 3rd period - Stopped by Christopher Gibson with a rebound.
8:12 of 3rd period - Wrist shot by Max Gortz.
8:12 of 3rd period - Shot Misses the Net.
8:14 of 3rd period - Slapshot by Ben Harpur.
8:14 of 3rd period - Shot Blocked by Matt Kassian.
8:16 of 3rd period - Slapshot by Scott Mayfield.
8:16 of 3rd period - Stopped by Christopher Gibson with a rebound.
8:18 of 3rd period - Wrist shot by Ben Harpur.
8:18 of 3rd period - Stopped by Christopher Gibson with a rebound.
8:34 of 3rd period - Icing by Colby Robak.
8:35 of 3rd period - Melker Karlsson wins face-off versus Matthew Nieto in Inferno zone.
8:40 of 3rd period - Snap shot by Alexei Marchenko.
8:40 of 3rd period - Stopped by Christopher Gibson without a rebound.
8:41 of 3rd period - Anders Lee wins face-off versus Melker Karlsson in Inferno zone.
8:41 of 3rd period - Anders Lee is hit by Melker Karlsson.
9:11 of 3rd period - Snap shot by Esa Lindell.
9:11 of 3rd period - Stopped by Chet Pickard with a rebound.
9:17 of 3rd period - Snap shot by Esa Lindell.
9:17 of 3rd period - Shot Blocked by Ryan Pulock.
9:52 of 3rd period - Wrist shot by Iven Barbashev.
9:52 of 3rd period - Stopped by Christopher Gibson without a rebound.
9:53 of 3rd period - Anders Lee wins face-off versus Iven Barbashev in Inferno zone.
9:53 of 3rd period - Anders Lee is hit by Danny Biega.
10:17 of 3rd period - Matt Kassian is hit by Michael McCarron and loses puck.
10:50 of 3rd period - Snap shot by Josh Ho-Sang.
10:50 of 3rd period - Shot Blocked by Matt Kassian.
10:52 of 3rd period - Wrist shot by Michael McCarron.
10:52 of 3rd period - Shot Misses the Net.
10:54 of 3rd period - Snap shot by Michael McCarron.
10:54 of 3rd period - Stopped by Christopher Gibson with a rebound.
10:56 of 3rd period - Slapshot by Iven Barbashev.
10:56 of 3rd period - Shot Misses the Net.
11:02 of 3rd period - Slapshot by Danny Biega.
11:02 of 3rd period - Deflect By Christian Folin.
11:02 of 3rd period - Stopped by Christopher Gibson without a rebound.
11:03 of 3rd period - Anders Lee wins face-off versus Melker Karlsson in Inferno zone.
11:34 of 3rd period - Snap shot by Oliver Bjorkstrand.
11:34 of 3rd period - Shot Misses the Net.
11:36 of 3rd period - Slapshot by Frank Corrado.
11:36 of 3rd period - Stopped by Chet Pickard without a rebound.
11:37 of 3rd period - Anders Lee wins face-off versus Craig Smith in Mustangs zone.
11:46 of 3rd period - Slapshot by Alexei Marchenko.
11:46 of 3rd period - Shot Blocked by Mathieu Brodeur.
11:48 of 3rd period - Slapshot by Alexei Marchenko.
11:48 of 3rd period - Shot Misses the Net.
12:09 of 3rd period - Snap shot by Melker Karlsson.
12:09 of 3rd period - Shot Misses the Net.
12:11 of 3rd period - Slapshot by Alexei Marchenko.
12:11 of 3rd period - Shot Blocked by Esa Lindell.
12:22 of 3rd period - Icing by Esa Lindell.
12:23 of 3rd period - Nick Schmaltz wins face-off versus Philip Varone in Inferno zone.
12:40 of 3rd period - Curtis Hamilton is hit by Philip Varone.
13:10 of 3rd period - Wrist shot by Melker Karlsson.
13:10 of 3rd period - Stopped by Christopher Gibson without a rebound.
13:11 of 3rd period - Alex Tuch wins face-off versus Victor Rask in Inferno zone.
13:35 of 3rd period - Off-side.
13:36 of 3rd period - Stefan Matteau wins face-off versus Bryan Rust in neutral zone.
13:47 of 3rd period - Snap shot by JT Compher.
13:47 of 3rd period - Stopped by Christopher Gibson with a rebound.
13:49 of 3rd period - Slapshot by Danny Biega.
13:49 of 3rd period - Shot Misses the Net.
14:03 of 3rd period - Alex Tuch is hit by Kevin Labanc and loses puck.
14:32 of 3rd period - Snap shot by Tyler Shattock.
14:32 of 3rd period - Deflect By Ryan Spooner.
14:32 of 3rd period - Shot Misses the Net.
14:32 of 3rd period - Puck is out of play.
14:33 of 3rd period - Ryan Spooner wins face-off versus Stefan Matteau in Mustangs zone.
14:34 of 3rd period - Snap shot by Peter Cehlarik.
14:34 of 3rd period - Deflect By Craig Smith.
14:34 of 3rd period - Shot Blocked by Craig Smith.
14:34 of 3rd period - Puck is out of play.
14:35 of 3rd period - Anders Lee wins face-off versus Craig Smith in Mustangs zone.
14:47 of 3rd period - Off-side.
14:48 of 3rd period - Anders Lee wins face-off versus Melker Karlsson in neutral zone.
14:50 of 3rd period - Minor Penalty to Anders Lee for Hooking.
14:51 of 3rd period - Bryan Rust wins face-off versus Melker Karlsson in Inferno zone.
16:33 of 3rd period - Craig Smith is hit by Victor Rask and loses puck.
16:50 of 3rd period - Penalty to Anders Lee is over, Anders Lee is back on ice.
17:42 of 3rd period - Snap shot by Ben Harpur.
17:42 of 3rd period - Deflect By Iven Barbashev.
17:42 of 3rd period - Stopped by Christopher Gibson with a rebound.
18:19 of 3rd period - Slapshot by Ryan Spooner.
18:19 of 3rd period - Shot Misses the Net.
18:21 of 3rd period - Slapshot by Ryan Spooner.
18:21 of 3rd period - Stopped by Chet Pickard without a rebound.
18:22 of 3rd period - Victor Rask wins face-off versus Stefan Matteau in Mustangs zone.
18:37 of 3rd period - Wrist shot by Bryan Rust.
18:37 of 3rd period - Stopped by Chet Pickard with a rebound.
18:39 of 3rd period - Snap shot by Bryan Rust.
18:39 of 3rd period - Goal by Bryan Rust - Inferno : 4 - Mustangs : 2.
18:40 of 3rd period - Victor Rask wins face-off versus Nick Schmaltz in neutral zone.
19:10 of 3rd period - David Savard is hit by Melker Karlsson and loses puck.
Goals for this period are 2 for Inferno vs 0 for Mustangs.
Shots for this period are 13 for Inferno vs 15 for Mustangs.
Back to the Top